Map: Ephemeron LE

Players

AturSams - Winner!

  • Race: Zerg Zerg
  • League: Gold
  • Spawn Location: 5:00

A.I. 1 (Medium)

  • Race: Terran Terran
  • Spawn Location: 11:00

VOD

Have the link to the VOD?

Description

Time

  • Played on: Jan. 17, 2020, 6:11 a.m.
  • Length: 13:26
Show
View Real Time Build Order
Export as new Build Order

AturSams Zerg - Winner!

Build Orders: Hatch First, Roach Hydra 

Get SALT Encoding   

  12  0:01  Drone  
  13  0:13  Overlord  
  13  0:21  Drone  
  14  0:32  Drone x2  
  16  0:51  Hatchery  
  15  1:00  Drone  
  15  1:02  Drone  
  17  1:04  Drone  
  18  1:22  Spawning Pool  
  18  1:25  Drone x2, Extractor  
  18  1:33  Drone  
  19  1:45  Drone  
  20  1:54  Overlord  
  20  2:09  Queen x2  
  24  2:22  Drone x2  
  26  2:23  Drone, Overlord  
  27  2:33  Drone x2  
  29  2:41  Drone x2  
  31  2:45  Queen  
  31  2:50  Lair  
  33  2:52  Drone x2  
  36  2:58  Drone  
  36  3:00  Drone  
  37  3:12  Drone x2  
  39  3:13  Roach Warren  
  38  3:21  Drone  
  38  3:22  Drone, Overlord  
  38  3:23  Drone x2  
  38  3:24  Drone x2  
  44  3:37  Overlord  
  44  3:41  Drone  
  45  3:51  Drone x2  
  45  3:52  Drone x2, Overlord  
  45  3:53  Drone  
  50  3:59  Extractor  
  50  4:00  Extractor  
  48  4:06  Glial Reconstitution  
  48  4:13  Evolution Chamber  
  48  4:15  Hatchery  
  48  4:16  Drone x2  
  48  4:17  Queen  
  48  4:20  Drone, Overlord  
  48  4:21  Drone x2  
  53  4:32  Drone  
  53  4:33  Drone  
  57  4:38  Roach  
  57  4:44  Extractor  
  56  4:51  Roach x2  
  60  5:00  Roach  
  60  5:01  Overlord x2, Roach  
  60  5:02  Roach x3  
  60  5:06  Zerg Missile Weapons Level 1  
  70  5:08  Extractor  
  70  5:13  Extractor  
  68  5:20  Drone, Evolution Chamber  
  68  5:22  Overlord, Roach x2  
  72  5:31  Hatchery  
  71  5:42  Drone  
  72  5:43  Drone x3  
  72  5:44  Drone x2, Overlord x2  
  77  6:00  Drone x3  
  77  6:01  Drone x3, Overlord  
  77  6:02  Overlord x2  
  83  6:13  Drone x3  
  83  6:14  Hydralisk Den  
  83  6:15  Overlord x2  
  85  7:05  Drone x3  
  85  7:06  Drone x7  
  85  7:07  Drone x6  
  85  7:08  Drone  
  102  7:09  Drone x3  
  102  7:11  Overlord x2  
  102  7:14  Extractor  
  103  7:17  Drone x2  
  103  7:18  Drone x4  
  101  7:30  Drone  
  101  7:31  Drone x3  
  101  7:32  Drone  
  100  7:41  Queen  
  98  7:45  Hatchery  
  98  7:46  Hatchery  
  96  7:57  Overlord x13  
  96  8:02  Zerg Missile Weapons Level 2  
  96  8:03  Zerg Ground Armor Level 1  
  96  8:07  Hydralisk x3  
  96  8:11  Extractor  
  101  8:13  Extractor  
  101  8:19  Hydralisk x4, Extractor  
  99  8:23  Extractor  
  106  8:28  Grooved Spines  
  106  8:29  Hydralisk  
  106  8:30  Hydralisk x3  
  114  8:39  Hydralisk  
  114  8:40  Hydralisk x3  
  122  9:05  Hydralisk x11  
  122  9:06  Hydralisk x3  
  150  9:11  Queen  
  150  9:15  Hydralisk  
  150  9:16  Hydralisk x3  
  160  9:24  Hydralisk x6  
  172  9:39  Muscular Augments  
  172  10:15  Queen  
  172  10:16  Hydralisk x8  
  172  10:17  Hydralisk x5  
  200  11:09  Extractor  
  199  11:18  Drone  
  198  11:47  Drone x3  
  199  11:48  Drone  
  196  12:04  Infestation Pit  
  183  12:36  Drone x2  
  183  12:37  Drone x4  
  186  12:39  Drone x2  
  186  12:40  Drone  
  186  12:42  Hydralisk x4  
Show
View Real Time Build Order
Export as new Build Order

A.I. 1 (Medium) Terran 

Build Orders:  

Get SALT Encoding   

  12  0:00  SCV  
  13  0:13  SCV  
  14  0:18  Supply Depot  
  14  0:25  SCV  
  15  0:39  SCV  
  16  0:43  Barracks  
  16  0:50  Refinery  
  16  0:51  SCV  
  17  1:04  SCV  
  18  1:17  Supply Depot  
  18  1:31  Orbital Command  
  18  1:32  Marine  
  19  1:33  Barracks  
  19  1:44  Refinery  
  19  1:51  Barracks Tech Lab  
  19  2:09  Marine  
  19  2:14  Supply Depot  
  20  2:22  Marine  
  21  2:34  Marine  
  22  2:46  Supply Depot  
  22  2:47  Marine  
  23  2:55  SCV  
  24  3:00  Marine  
  25  3:07  SCV  
  25  3:08  Engineering Bay  
  26  3:13  Marine  
  26  3:19  SCV  
  28  3:26  Marauder  
  30  3:31  SCV  
  31  3:39  Marine  
  32  3:43  SCV  
  32  3:46  Supply Depot  
  33  3:52  Marauder  
  35  3:56  SCV  
  36  4:04  Marine  
  37  4:18  Marauder  
  39  4:39  Marauder  
  41  6:37  Barracks Tech Lab  
  41  6:40  Factory  
  41  6:43  Factory  
  41  6:45  Command Center, Missile Turret  
  41  6:46  Missile Turret  
  41  6:52  Sensor Tower  
  41  6:54  Supply Depot  
  41  6:57  Barracks  
  41  7:07  Bunker  
  41  7:25  Marine, Armory  
  36  7:31  Starport, Factory Tech Lab x2  
  36  7:36  Marine  
  30  7:44  Barracks Reactor  
  28  7:48  Marine  
  27  7:57  SCV  
  28  7:58  Refinery  
  28  7:59  Marine  
  28  8:00  SCV  
  28  8:04  Missile Turret  
  30  8:08  Missile Turret, Starport Tech Lab  
  30  8:09  SCV  
  30  8:10  Marine  
  30  8:12  SCV  
  33  8:13  Refinery  
  33  8:21  SCV  
  33  8:22  Marine  
  33  8:24  SCV  
  36  8:28  Raven  
  36  8:29  Bunker  
  36  8:33  Marine, SCV  
  40  8:36  SCV  
  41  8:45  Marine, SCV  
  43  8:48  SCV  
  44  8:57  Marauder  
  44  8:58  SCV  
  44  9:00  SCV  
  48  9:08  Marauder  
  50  9:10  SCV  
  50  9:11  Raven  
  50  9:13  SCV  
  54  9:19  Siege Tank  
  54  9:22  SCV  
  58  9:25  SCV  
  58  9:31  Siege Tank  
  62  9:34  SCV  
  62  9:37  SCV  
  64  9:46  SCV  
  64  9:49  SCV  
  64  9:52  Cyclone  
  68  11:16  Widow Mine, Medivac, Combat Shield  
  68  11:17  Stimpack, Terran Infantry Weapons Level 1  
  72  11:18  Supply Depot  
  72  11:21  Starport  
  72  11:23  Ghost Academy  
  72  11:26  Thor  
  72  11:27  Command Center, Fusion Core  
  72  11:32  Engineering Bay  
  78  11:39  Armory  
  77  11:40  Siege Tank  
  77  11:42  Supply Depot  
  77  11:46  Medivac  
  75  11:50  Marine  
  59  11:58  Starport Reactor  
  59  12:00  Marine  
  60  12:06  Supply Depot  
  60  12:12  Hellion  
  60  12:15  Marauder  
  56  12:16  Raven  
  56  12:17  SCV  
  56  12:22  SCV, Hellion  
  58  12:29  SCV  
  56  12:30  Marauder  
  56  12:34  SCV  
  43  12:37  Hellion  
  43  12:39  Supply Depot, SCV  
  41  12:44  Marauder  
  41  12:46  SCV  
  30  12:51  SCV, Hellion  
  30  12:56  Starport  
  30  12:58  SCV  
  23  12:59  Marauder  
  23  13:03  SCV  
  19  13:10  SCV  
  15  13:17  Refinery  
Tags
 
Composition
Roach Hydra
League
Gold
Matchup
TvZ
Spawn Locations
Cross Positions
Add a new tag
Caveats
  • Supply blocks, unpowered buildings, or Contaminate may cause inaccurate times.
  • Supply counts are checked every 10 seconds.